 Dungeon Crawl Stone Soup version 0.28-a0-1199-gef9e1dbd39 (webtiles) character file.

Game seed: 10302063267423961054

32 tilp the Sneak (level 3, -4/23 HPs)
             Began as a Vampire Hedge Wizard on Dec 19, 2021.
             Slain by a kobold (5 damage)
             ... on level 1 of the Dungeon.
             The game lasted 00:05:08 (1412 turns).

tilp the Sneak (Vampire Hedge Wizard)               Turns: 1412, Time: 00:05:08

Health: -4/23      AC:  2    Str:  9    XL:     3   Next: 8%
Magic:  5/7        EV: 12    Int: 18    God:
Gold:   21         SH:  0    Dex: 13    Spells: 2/8 levels left

rFire   . . .      SeeInvis +   a - +0 dagger
rCold   . . .      Faith    .   (no shield)
rNeg    . . .      Spirit   .   b - +0 robe
rPois   .          Reflect  .   c - +0 hat
rElec   .          Harm     .   (no cloak)
rCorr   .          Rampage  .   (no gloves)
Will    .....                   (no boots)
Stlth   ++........              (no amulet)
HPRegen 0.27/turn               (no ring)
MPRegen 0.10/turn               (no ring)

@: healing quickly
A: alive, fangs 3, see invisible, vampiric 2, [frail 1]
a: Exsanguinate


You were on level 1 of the Dungeon.
You visited 1 branch of the dungeon, and saw 2 of its levels.

You collected 21 gold pieces.

Inventory:

Hand Weapons
 a - a +0 dagger (weapon)
Armour
 b - a +0 robe (worn)
 c - a +0 hat (worn)
 g - a scarf of harm
 h - a +0 leather armour
Potions
 f - a potion of berserk rage
 j - a potion of ambrosia {unknown}


   Skills:
 + Level 1.6 Fighting
 - Level 2.1 Dodging
 - Level 3.0 Stealth
 - Level 3.0 Spellcasting
 + Level 1.6 Conjurations
 - Level 1.0 Summonings
 - Level 0.7 Translocations


You had 2 spell levels left.
You knew the following spells:

 Your Spells              Type           Power      Damage    Failure   Level
a - Magic Dart            Conj           32%        1d4       9%          1
b - Slow                  Hex            8%         N/A       16%         1
c - Call Imp              Summ           6%         N/A       16%         2
d - Blink                 Tloc           10%        N/A       19%         2

Your spell library contained the following spells:

 Spells                   Type           Power      Damage    Failure   Level
 Conjure Flame            Conj/Fire      5%         6-21      34%         3
 Mephitic Cloud           Conj/Pois/Air  4%         N/A       36%         3


Dungeon Overview and Level Annotations

Branches:
Dungeon (2/15)

Altars:


Innate Abilities, Weirdness & Mutations

Your natural rate of healing is accelerated.
You have razor-sharp teeth.
You have supernaturally acute eyesight. (SInv)
You are afflicted with vampirism and can become a bat while bloodless.
[You are frail. (-10% HP)]


Message History

The kobold closely misses your shadow imp.
Your shadow imp misses the kobold.
The kobold hits your shadow imp with a +0 short sword.
The endoplasm splashes around in the water.
Your shadow imp hits the kobold.
The kobold hits your shadow imp with a +0 short sword.
Your shadow imp dies!
Your shadow imp disappears in a puff of smoke!
You hit the endoplasm.
The endoplasm is heavily wounded.
The endoplasm freezes you.
You are frozen.
* * * LOW HITPOINT WARNING * * *
You hit the endoplasm but do no damage.
The endoplasm is heavily wounded.
The endoplasm closely misses you.
You hit the endoplasm.
The endoplasm is severely wounded.
The endoplasm closely misses you.
You hit the endoplasm.
You kill the endoplasm!
You hit the kobold but do no damage.
The kobold is heavily wounded.
The kobold hits you but does no damage.
You barely miss the kobold.
The kobold is heavily wounded.
The kobold hits you with a +0 short sword.
* * * LOW HITPOINT WARNING * * *
You closely miss the kobold.
The kobold is heavily wounded.
The kobold hits you with a +0 short sword.
* * * LOW HITPOINT WARNING * * *
You hit the kobold.
The kobold is severely wounded.
The kobold hits you with a +0 short sword.
* * * LOW HITPOINT WARNING * * *
You closely miss the kobold.
The kobold is severely wounded.
The kobold hits you with a +0 short sword.
You die...

#.###.#........# #.....(..##...#
#.#
#>#........####.P...##.....##
#.# #.#........##.♣.≈.♣..##.>..#
#†# #.#####.#####.≈..≈≈≈###....#
#†# #.# #.# #P≈≈≈P≈≈..#....# †.#
#.# #.# #P≈≈≈≈≈≈..#....#
#.###.#####.#####.≈≈≈≈≈≈.......#
.................K.≈≈≈≈≈♣##....#
##.....####.....@P≈♣≈≈≈≈.##....#
##....# #######..≈≈..≈#####.##
#....# #.P≈≈≈≈≈♣ #)# #)...#
##..≈≈≈P## #.# ###....###
#..♣.P..# ##.#
.........##########.....## #..#
...........)............# ##.##
...........÷............###..#
.........###########........##


You could see a kobold.

Vanquished Creatures
  A dart slug (D:1)
  3 bats (D:1)
  2 endoplasms (D:1)
  3 giant cockroaches (D:1)
  A goblin (D:1)
  2 hobgoblins (D:1)
  2 jackals (D:1)
  9 frilled lizards (D:1)
  A kobold (D:1)
  4 rats (D:1)
28 creatures vanquished.

Vanquished Creatures (collateral kills)
  A goblin (D:1)
  A kobold (D:1)
2 creatures vanquished.

Vanquished Creatures (others)
  7 plants (D:1)
7 creatures vanquished.

Grand Total: 37 creatures vanquished

Notes
Turn   | Place    | Note
-------+----------+-------------------------------------------
     0 | D:1      | tilp the Vampire Hedge Wizard began the quest for the Orb.
     0 | D:1      | Reached XP level 1. HP: 13/13 MP: 4/4
   135 | D:1      | Reached skill level 1 in Conjurations
   453 | D:1      | Reached skill level 1 in Fighting
   453 | D:1      | Reached XP level 2. HP: 18/18 MP: 6/6
   630 | D:1      | Learned a level 1 spell: Slow
   633 | D:1      | Learned a level 2 spell: Call Imp
   636 | D:1      | Learned a level 2 spell: Blink
  1126 | D:1      | Gained mutation: You are afflicted with vampirism and can
                  | become a bat while bloodless. [Vampire growth]
  1126 | D:1      | Reached XP level 3. HP: 22/23 MP: 7/7
  1411 | D:1      | HP: 1/23 [kobold (5)]
  1412 | D:1      | Slain by a kobold

Illustrated notes

Levels and vault maps discovered:
D:1:      erik_arrival_cave_to_civilisation [erik_arrival_cave_to_hall],
          layout_rooms, serial_bayou_pond_b, minmay_lizard_king
D:2:      minmay_general_purpose_star, layout_basic, basic_altar,
          minmay_hexomino_f4

Skill      XL: |  1 |
---------------+----+-----
Conjurations   | 1 |  1.6
Fighting       | 1 |  1.6
Dodging        | |  2.1
Stealth        | |  3.0
Spellcasting   | |  3.0
Summonings     | |  1.0
Translocations | |  0.7

Action                   || total
-------------------------++-------
Melee: Dagger            ||   161
       Bite              ||    15
 Cast: Magic Dart        ||     5
       Call Imp          ||     3
 Abil: Exsanguinate      ||     1
       Revivify          ||     1
  Use: Scroll            ||     3
 Stab: Sleeping          ||     4
       Distracted        ||     1
Armor: Robe              ||    57
Dodge: Dodged            ||   116

Table legend: (Time is in decaauts)
 A = Elapsed time spent in this place.
 B = Non-inter-level travel time spent in this place.
 C = Inter-level travel time spent in this place.
 D = Time resting spent in this place.
 E = Time spent auto-exploring this place.
 F = Levels seen in this place.
 G = Mean time per level.
                   A        B        C        D        E       F      G
               +--------+--------+--------+--------+--------+-----+--------+
         Total |   1415 |   1345 |     70 |    523 |    461 |   2 |  707.5 |
       Dungeon |   1415 |   1345 |     70 |    523 |    461 |   2 |  707.5 |
               +--------+--------+--------+--------+--------+-----+--------+

Top non-repeatable levels by time:
     D:1: 1406 daAuts
     D:2: 9 daAuts
